Map: Abiogenesis LE

Players

ctLatLdeL

  • Race: Terran Terran
  • Spawn Location: 11:00

fruitcake - Winner!

  • Race: Terran Terran
  • Spawn Location: 5:00

VOD

Have the link to the VOD?

Description

Time

  • Played on: May 11, 2018, 5:57 p.m.
  • Length: 17:56
Show
View Real Time Build Order
Export as new Build Order

ctLatLdeL Terran 

Build Orders: Reaper Expand 

Get SALT Encoding   

  12  0:00  SCV  
  13  0:13  SCV  
  14  0:17  Supply Depot  
  14  0:26  SCV  
  15  0:29  Refinery  
  15  0:44  Barracks  
  15  0:46  SCV  
  16  0:58  SCV  
  17  1:07  Supply Depot  
  17  1:16  SCV  
  18  1:34  Reaper  
  19  1:54  Command Center  
  19  2:02  Refinery  
  19  2:12  Barracks Reactor  
  19  2:17  Factory  
  19  2:30  Orbital Command  
  19  3:10  SCV  
  20  3:15  Barracks Reactor  
  20  3:16  Bunker  
  20  3:17  Cyclone  
  23  3:22  SCV, Cyclone  
  27  3:34  SCV  
  29  3:41  SCV  
  29  3:44  Starport  
  29  3:49  Supply Depot  
  29  3:52  Marine x2  
  31  4:01  Orbital Command  
  31  4:07  SCV  
  32  4:14  Liberator  
  32  4:16  Cyclone  
  35  4:19  Marine  
  36  4:29  SCV  
  40  4:47  SCV  
  40  4:50  Supply Depot  
  41  4:54  Supply Depot  
  41  4:55  SCV  
  41  4:59  SCV  
  43  5:07  SCV  
  43  5:12  SCV  
  45  5:17  Factory Tech Lab  
  45  5:19  SCV  
  46  5:29  Barracks, Factory  
  46  5:33  SCV  
  47  5:37  Siege Tank  
  50  5:45  SCV  
  51  6:09  Siege Tank  
  51  6:11  Viking x2  
  55  6:13  SCV  
  55  6:15  Factory Tech Lab  
  56  6:25  SCV  
  57  6:32  Engineering Bay  
  57  6:34  Supply Depot  
  57  6:37  Siege Tank  
  57  6:39  Supply Depot  
  60  6:41  SCV  
  60  6:42  Hellion  
  60  6:44  Refinery  
  60  6:46  Refinery  
  63  6:53  SCV  
  64  6:58  Medivac  
  66  7:03  Missile Turret, Hellion  
  68  7:08  Bunker  
  68  7:10  SCV  
  69  7:24  Hellion  
  69  7:28  Supply Depot  
  69  7:29  Siege Tank  
  74  7:38  Marine  
  74  7:39  Marine, Supply Depot  
  74  7:40  Barracks Reactor  
  76  7:45  Siege Tank  
  76  7:48  Missile Turret  
  79  7:56  Marine  
  79  7:58  Supply Depot  
  80  8:01  Siege Tank, Missile Turret  
  80  8:04  Marine  
  84  8:08  Medivac x2  
  88  8:14  Marine  
  88  8:19  SCV  
  90  8:23  Missile Turret  
  90  8:32  Siege Tank  
  90  8:33  Siege Tank  
  96  8:38  Medivac  
  96  8:39  Starport  
  98  9:01  Armory  
  98  9:05  Supply Depot  
  98  9:12  Missile Turret  
  88  9:28  Supply Depot  
  82  9:33  Missile Turret  
  82  9:35  Marine x3  
  81  9:44  Marine  
  81  9:45  Siege Tank  
  76  9:52  Marine, Supply Depot  
  70  9:53  Marine  
  58  10:11  Marine  
  57  10:14  Supply Depot  
  57  10:17  Siege Tank  
  60  11:16  Siege Tank  
  63  11:40  Command Center  
  58  11:54  Hellion x2  
  55  12:15  Hellion  
  44  12:54  SCV  
  45  13:01  Command Center  
  45  13:07  SCV  
  45  13:09  Siege Tank  
  49  13:19  SCV  
  50  13:31  SCV  
  53  13:34  Hellion  
  53  13:41  Hellion  
  53  13:43  SCV  
  56  13:55  SCV, Siege Tank  
  46  14:03  Hellion  
  41  14:15  SCV  
  42  14:18  SCV  
  43  14:25  SCV  
  43  14:27  Siege Tank  
  48  14:36  Refinery  
  48  14:37  SCV, Orbital Command  
  48  14:49  SCV  
  48  14:50  Viking  
  51  14:53  SCV  
  53  15:13  Planetary Fortress  
  52  15:16  SCV  
  53  15:23  Viking  
  53  15:26  SCV  
  56  15:33  Refinery  
  56  15:36  Refinery  
  56  15:38  SCV x2  
  56  15:42  Viking  
  60  15:50  SCV x2  
  60  15:53  Viking  
  64  16:01  Starport  
  64  16:02  SCV  
  65  16:12  Viking  
  65  16:14  SCV  
  68  16:26  SCV, Siege Tank  
  68  16:28  Barracks Reactor  
  68  16:29  Marine x2  
  74  16:38  SCV, Engineering Bay  
  75  16:44  Supply Depot  
  75  16:47  Marine x2  
  75  16:50  SCV  
  75  16:53  Siege Tank  
  81  17:03  SCV  
  81  17:05  Marine x4  
  84  17:23  Marine x4  
Show
View Real Time Build Order
Export as new Build Order

fruitcake Terran - Winner!

Build Orders:  

Get SALT Encoding   

  12  0:00  SCV  
  13  0:16  Supply Depot  
  13  0:18  SCV  
  14  0:26  Refinery  
  14  0:30  SCV  
  15  0:42  SCV  
  16  0:49  Barracks  
  16  0:54  SCV  
  17  1:06  SCV  
  18  1:19  SCV  
  19  1:26  Refinery  
  19  1:31  SCV  
  20  1:34  Supply Depot  
  20  1:39  Marine  
  21  1:43  SCV  
  22  1:47  Factory  
  22  1:55  SCV  
  23  2:17  Barracks Reactor  
  23  2:21  Command Center  
  23  2:28  SCV  
  23  2:40  SCV  
  23  2:52  Engineering Bay, Orbital Command  
  23  2:58  Marine x2  
  25  3:02  Supply Depot  
  25  3:13  Command Center  
  25  3:26  Marine  
  25  3:27  Marine  
  26  3:29  Factory Tech Lab  
  26  3:31  Factory Reactor  
  27  3:36  Terran Infantry Weapons Level 1, Factory  
  27  3:39  SCV  
  28  3:51  SCV  
  29  4:08  Starport  
  29  4:11  Marine x2  
  29  4:13  Cyclone  
  34  4:19  Cyclone  
  37  4:26  SCV  
  37  4:27  SCV  
  37  4:30  Refinery  
  39  4:44  Factory Tech Lab  
  39  4:45  Factory Reactor  
  39  4:49  Refinery  
  39  4:50  Cyclone  
  42  5:05  Cyclone  
  45  5:07  Marine  
  45  5:08  Marine  
  47  5:20  Viking  
  49  5:25  Marine  
  49  5:26  Marine  
  54  5:28  Cyclone  
  54  5:38  Supply Depot  
  54  5:40  Supply Depot  
  54  5:54  Marine  
  54  5:55  Marine  
  54  6:00  SCV x2  
  56  6:12  SCV x2  
  58  6:20  Missile Turret  
  58  6:22  Missile Turret  
  58  6:24  SCV  
  59  6:37  SCV  
  59  6:38  Missile Turret  
  60  6:42  SCV  
  61  6:48  Cyclone  
  61  6:49  SCV, Cyclone  
  68  6:54  SCV  
  68  6:58  Armory  
  69  7:06  SCV  
  70  7:13  Supply Depot  
  70  7:20  Sensor Tower  
  70  7:26  Sensor Tower  
  70  7:34  Marine x2  
  70  7:35  SCV, Cyclone  
  76  7:46  Supply Depot  
  76  7:47  SCV, Supply Depot  
  77  7:52  Marine, Cyclone  
  77  7:58  Terran Vehicle Weapons Level 1  
  81  7:59  SCV  
  81  8:04  Starport Reactor  
  82  8:11  SCV  
  83  8:13  Starport  
  83  8:15  Terran Infantry Weapons Level 2  
  83  8:25  Barracks  
  83  8:31  Marine x2  
  85  8:39  Cyclone  
  88  8:42  Cyclone  
  91  8:49  Marine x2  
  91  8:51  Planetary Fortress  
  93  8:56  Cyclone  
  96  9:07  Marine x2  
  78  9:40  Marine  
  78  9:41  Marine  
  78  9:42  Cyclone x4  
  86  9:58  Marine x2  
  65  10:14  Cyclone x2  
  65  10:16  Marine x2  
  62  10:28  Cyclone  
  62  10:29  Cyclone  
  62  10:34  Marine x2  
  70  10:36  Starport Reactor  
  70  10:37  Barracks Tech Lab  
  70  10:46  Cyclone  
  73  10:52  Marine x2  
  73  10:56  Cyclone, Command Center  
  78  11:01  Cyclone  
  81  11:09  Marine  
  81  11:10  Marine  
  81  11:11  SCV  
  81  11:20  Cyclone  
  81  11:23  SCV  
  85  11:27  Marine  
  85  11:28  Marine  
  85  11:35  SCV  
  86  11:45  Marine x2, Stimpack  
  85  12:03  Marine x2  
  47  12:13  Cyclone x2  
  43  12:21  Marine x2, Cyclone  
  48  12:38  Cyclone  
  48  12:39  Marine x2  
  53  12:45  Cyclone  
  56  12:56  Marine  
  56  12:57  Marine  
  58  12:59  Cyclone  
  61  13:14  Marine x2  
  61  13:17  SCV  
  64  13:22  Cyclone x2  
  64  13:24  Terran Vehicle Weapons Level 2  
  70  13:29  SCV  
  70  13:32  Marine x2  
  71  13:41  SCV  
  72  13:50  Marine x2  
  70  14:08  Marine x2  
  72  14:21  SCV  
  73  14:25  Marine  
  73  14:26  Marine  
  75  14:34  SCV  
  75  14:36  Cyclone x3  
  85  14:43  Marine x2  
  87  14:46  SCV  
  88  15:01  Marine x2  
  90  15:08  Cyclone x2  
  96  15:19  Marine x2  
  98  15:37  Marine x2  
  100  15:55  Sensor Tower  
  100  16:12  Marine x2, Sensor Tower  
  100  16:13  Cyclone x2  
  108  16:20  Planetary Fortress  
  108  16:29  Marine x2  
  110  16:40  Missile Turret  
  110  16:44  SCV x2  
  112  16:47  Marine x2  
  114  16:56  SCV  
  114  16:57  Refinery  
  114  17:00  Refinery  
  115  17:05  Marine x2  
  117  17:38  Marine x2  
Tags
 
Add a new tag
Caveats
  • Supply blocks, unpowered buildings, or Contaminate may cause inaccurate times.
  • Supply counts are checked every 10 seconds.